 Dungeon Crawl Stone Soup version 0.22.1-1-ga44c0e5 (webtiles) character file.

254 Wilfredo the Conjurer (level 5, -7/40 HPs)
             Began as a Draconian Conjurer on Sept 30, 2018.
             Killed by nerve-wracking pain
             ... invoked by Grinder
              (11 damage)
             ... on level 4 of the Dungeon.
             The game lasted 00:23:45 (4105 turns).

Wilfredo the Conjurer (Draconian Conjurer)          Turns: 4105, Time: 00:23:46

Health: -7/40      AC:  0    Str: 10    XL:     5   Next: 90%
Magic:  3/9        EV: 20    Int: 16    God:
Gold:   119        SH:  0    Dex: 17    Spells: 4/10 levels left

rFire    . . .     SeeInvis .   (weapon currently unavailable)
rCold    . . .     Gourm    .   (shield currently unavailable)
rNeg     . . .     Faith    .   (armour unavailable)
rPois    .         Spirit   .   (helmet currently unavailable)
rElec    .         Reflect  .   (cloak currently unavailable)
rCorr    .         Harm     .   (gloves currently unavailable)
MR       .....                  (boots currently unavailable)
Stlth    ++........             (no amulet)
HPRegen  0.13/turn              (ring currently unavailable)
MPRegen  0.11/turn              (ring currently unavailable)

@: bat-form, flying, very quick
A: tiny, unfitting armour, AC +5
a: no special abilities


You were on level 4 of the Dungeon.
You were hungry.
You were in bat-form.
You visited 1 branch of the dungeon, and saw 4 of its levels.

You collected 119 gold pieces.

Inventory:

Hand Weapons
 d - a +0 long sword
 g - a +2 short sword (melded)
 h - a +0 hunting sling
 l - a +0 flail
Missiles
 a - 62 stones (quivered)
 f - 87 arrows
 i - 21 bolts
Jewellery
 k - a ring of magical power (melded)
Scrolls
 c - 2 scrolls of remove curse
 e - 2 scrolls of identify
Comestibles
 b - 5 rations
 j - a chunk of flesh


   Skills:
 + Level 1.1 Fighting
 + Level 2.5 Short Blades
 + Level 2.7 Dodging
 + Level 2.1 Stealth
 + Level 3.0 Spellcasting
 + Level 5.1 Conjurations
 + Level 0.2 Hexes


You had 4 spell levels left.
You knew the following spells:

 Your Spells              Type           Power        Failure   Level  Hunger
a - Magic Dart            Conj           ###.         2%          1    #......
b - Searing Ray           Conj           ###...       3%          2    ##.....
c - Dazzling Spray        Conj/Hex       ##....       19%         3    ###....

Your spell library contained the following spells:

 Spells                   Type           Power        Failure   Level  Hunger
 Iskenderun's Mystic Bla  Conj           ###.....     22%         4    #####..
 Fulminant Prism          Conj/Hex       ##........   52%         4    #####..
 Force Lance              Conj/Tloc      ##......     54%         4    #####..


Dungeon Overview and Level Annotations

Branches:
Dungeon (4/15)
 Temple: D:4-7

Altars:
Dithmenos
Okawaru
Yredelemnul
The Shining One

Annotations:
D:4 Grinder, Sigmund


Innate Abilities, Weirdness & Mutations

((Your plain brown scales are hard. (AC +5)))
You cannot fit into any form of body armour.
((You are cold-blooded and may be slowed by cold attacks.))


Message History

You hit Grinder.
Grinder is almost dead.
You hit Grinder but do no damage.
Grinder is almost dead.
Grinder zaps a wand.
Grinder hits you!
* * * LOW HITPOINT WARNING * * *
Grinder zaps a wand.
You resist with some effort.
There is a stone staircase leading up, spattered with blood here.
Grinder zaps a wand.
You resist with some effort.
The now-empty wand crumbles to dust.
Grinder grins, showing sharp teeth.
There is a stone staircase leading up, spattered with blood here.
Grinder gestures at you.
You suddenly lose the ability to move!
You can move again.
You see here a flail.
Grinder gestures at you. Pain shoots through your body!
You die...

#..##..##
######........# #.
##..##
...........# #
##..#
#.##........# ##.#
#.##......[.# #.#
.########### #.##
##.# #..# #..
######## ##.# #.#
#.....@### #b# #.#
#..s...... #)# #.#
#..<....# #.# #.#
#......$.. #5###.#
#......###
###..##.###......#
#..[<....##...$..#
#........##......+
#........######..#
#........# ..#


You could see Grinder.

Vanquished Creatures
  A centaur skeleton (D:3)
  A centaur zombie (D:3)
  Ijyb (D:4)
  A hound skeleton (D:3)
  A worker ant zombie (D:3)
  A gnoll (D:1)
  6 adders
  An adder zombie (D:3)
  2 adder skeletons (D:3)
  A worm (D:3)
  4 leopard geckos
  3 orcs (D:3)
  2 ball pythons
  5 giant cockroaches
  8 goblins
  6 hobgoblins
  5 kobolds
  A quokka (D:3)
  6 bats
  A frilled lizard (D:3)
  2 giant cockroach zombies (D:3)
  A leopard gecko skeleton (D:3)
  A leopard gecko zombie (D:3)
  2 quokka skeletons (D:3)
  4 rats
67 creatures vanquished.

Notes
Turn   | Place    | Note
-------+----------+-------------------------------------------
     0 | D:1      | Wilfredo the Draconian Conjurer began the quest for the
                  | Orb.
     0 | D:1      | Reached XP level 1. HP: 14/14 MP: 3/3
   480 | D:1      | Reached XP level 2. HP: 20/20 MP: 0/5
   534 | D:1      | Learned a level 2 spell: Searing Ray
  1209 | D:2      | Reached XP level 3. HP: 26/26 MP: 3/6
  2100 | D:3      | Learned a level 3 spell: Dazzling Spray
  2133 | D:3      | Reached XP level 4. HP: 25/33 MP: 1/8
  2250 | D:3      | Reached skill level 5 in Conjurations
  2492 | D:3      | Reached skill level 1 in Short Blades
  2630 | D:3      | Reached XP level 5. HP: 25/39 MP: 1/9
  2846 | D:3      | Found a shadowy altar of Dithmenos.
  3006 | D:3      | Found an iron altar of Okawaru.
  3008 | D:3      | Found a basalt altar of Yredelemnul.
  3093 | D:3      | Found a faded altar of an unknown god.
  3256 | D:3      | Found a glowing golden altar of the Shining One.
  3366 | D:3      | Reached skill level 1 in Fighting
  3476 | D:4      | Noticed Sigmund
  3503 | D:4      | Noticed Grinder
  3503 | D:4      | Noticed Ijyb
  3504 | D:4      | Paralysed by Ijyb for 3 turns
  3905 | D:4      | Killed Ijyb
  4101 | D:4      | Paralysed by Grinder for 2 turns
  4105 | D:4      | Killed from afar by Grinder

Skill      XL: |  1  2  3  4  5 |
---------------+----------------+-----
Dodging        | 2 |  2.7
Conjurations   | 5 |  5.1
Stealth        | 2 |  2.1
Short Blades   | 1 2 |  2.5
Fighting       | 1 |  1.1
Spellcasting   | 3 |  3.0
Hexes          | |  0.2

Action                   |  1- 3 |  4- 6 || total
-------------------------+-------+-------++-------
Melee: Short sword       |    46 |   121 ||   167
       Tailslap          |     6 |    11 ||    17
       Unarmed           |       |     4 ||     4
Throw: Stone             |     1 |     3 ||     4
 Cast: Magic Dart        |    53 |    71 ||   124
       Searing Ray       |     1 |     5 ||     6
       Dazzling Spray    |       |     5 ||     5
  Use: Scroll            |     6 |     5 ||    11
       Potion            |     2 |       ||     2
  Eat: Ration            |     1 |       ||     1
       Chunk             |     1 |     7 ||     8
Armor: Skin              |    20 |    70 ||    90
Dodge: Dodged            |    36 |    90 ||   126
